 Dungeon Crawl Stone Soup version 0.18-a0-750-g37044d6 (webtiles) character file.

100 JokEr the Skirmisher (level 4, -1/61 HPs)
             Began as a Draconian Berserker on Dec 12, 2015.
             Was a Priest of Trog.
             Killed from afar by a white imp (8 damage)
             ... with a puff of frost
             ... summoned by Natasha
             ... on level 2 of the Dungeon.
             The game lasted 00:02:53 (1756 turns).

JokEr the Skirmisher (Draconian Berserker)          Turns: 1756, Time: 00:02:54

Health: -1/61      AC:  5    Str: 26    XL:     4   Next: 46%
Magic:  4/4        EV: 12    Int:  7    God:    Trog [***...]
Gold:   93         SH:  0    Dex: 10    Spells: 0 memorised, 3 levels left

rFire  . . .     SeeInvis .     j - +0 war axe
rCold  . . .     Clarity  .     (armour unavailable)
rNeg   . . .     SustAt   .     (no shield)
rPois  .         Gourm    .     (helmet restricted)
rElec  .         Spirit   .     (no cloak)
rCorr  .         Dismiss  .     (no gloves)
rMut   .         Stasis   .     (no boots)
MR     .....                    (no amulet)
Stlth  ..........               (no ring)
                                (no ring)

@: berserking, slowed, not resistant to hostile enchantments, extremely
unstealthy
A: unfitting armour, cold-blooded, AC +5
a: Berserk, Trog's Hand, Burn Spellbooks, Renounce Religion


You were on level 2 of the Dungeon.
You worshipped Trog.
Trog was most pleased with you.
You were not hungry.

You visited 1 branch of the dungeon, and saw 2 of its levels.

You collected 93 gold pieces.

Inventory:

Hand Weapons
 j - a +0 war axe (weapon)
Jewellery
 f - an uncursed amulet of the gourmand {unknown}
Scrolls
 e - a scroll of identify {unknown}
 i - a scroll of teleportation {unknown}
Potions
 a - a potion of poison {unknown}
 d - a potion of mutation {unknown}
 h - a potion of lignification {unknown}
Comestibles
 b - 2 bread rations
 c - a meat ration
 g - a chunk of flesh


   Skills:
 + Level 4.8 Fighting
 + Level 4.2 Axes
 - Level 2.6 Dodging


You had 3 spell levels left.
You didn't know any spells.

Dungeon Overview and Level Annotations

Branches:
Dungeon (2/15)

Altars:
Ashenzari
Gozag
Nemelex Xobeh

Annotations:
D:2 Natasha


Innate Abilities, Weirdness & Mutations

Your plain brown scales are hard (AC +5).
Your body does not fit into most forms of armour.
You are cold-blooded and may be slowed by cold attacks.


Message History

The white imp resists.
Drink which item? (? for menu, Esc to quit)
Okay, then.
You completely miss Natasha.
Natasha is almost dead.
You hit the white imp but do no damage.
The white imp is lightly wounded.
You slash the white imp!
The white imp is severely wounded.
Natasha closely misses you. The white imp hits you. The white imp freezes you.
You feel yourself slow down.
* * * LOW HITPOINT WARNING * * *
The white imp misses you.
A red film seems to cover your vision as you go berserk!
You feel yourself moving faster!
You feel mighty!
You feel somewhat more hungry. Natasha claws you.
* * * LOW HITPOINT WARNING * * *
The white imp gestures at you. The puff of frost hits you!
You die...

+..................
####...##.###.#.#..
##.###.###.._..#
#######...>..#.#.###
#.....#.##.#.#......
###.#.##.#.####.## #
#........# #......
#.#.#.#.#### #.#####
#.5@5.#.# #.# #
###h###.. #.# # #.#
#### #.# # #.#
#.##### ..# #......
### #######


You could see Natasha and 2 white imps.

Vanquished Creatures
  4 adders (D:2)
  2 worms (D:2)
  A giant gecko (D:2)
  9 bats (D:1)
  5 giant cockroaches
  5 goblins
  4 hobgoblins
  4 jackals (D:1)
  10 kobolds
  4 giant newts
  7 rats
55 creatures vanquished.

Notes
Turn   | Place    | Note
--------------------------------------------------------------
     0 | D:1      | JokEr the Draconian Berserker began the quest for the Orb.
     0 | D:1      | Reached XP level 1. HP: 19/19 MP: 1/1
   163 | D:1      | Reached XP level 2. HP: 26/26 MP: 2/2
   384 | D:1      | Reached ** piety under Trog
   497 | D:1      | Reached skill level 4 in Fighting
   596 | D:1      | Reached XP level 3. HP: 33/33 MP: 3/3
  1167 | D:2      | Reached XP level 4. HP: 31/41 MP: 4/4
  1603 | D:2      | Found a sparkling altar of Nemelex Xobeh.
  1645 | D:2      | Found a shattered altar of Ashenzari.
  1646 | D:2      | Found an opulent altar of Gozag.
  1686 | D:2      | Reached *** piety under Trog
  1745 | D:2      | Noticed Natasha
  1756 | D:2      | Killed from afar by a white imp

Vault maps used:
D:1:      onia_arrival_larder
D:2:      nemelex_deck, nicolae_gozag_seed_capital, lemuel_crystal_altar,
          st_stairs_4, uniq_natasha

Action                   |  1- 3 |  4- 6 || total
-------------------------+-------+-------++-------
Melee: Hand axe          |   127 |    31 ||   158
       War axe           |       |    21 ||    21
Invok: Berserk           |       |     1 ||     1
  Use: Scroll            |     1 |       ||     1
 Stab: Sleeping          |     3 |       ||     3
       Distracted        |     1 |       ||     1
  Eat: Chunk             |     1 |     2 ||     3
